 Dungeon Crawl Stone Soup version 0.31-a0-1-g4198be8af4 (webtiles) character file.

Game seed: 5268275621157732652

76 bearlyready the Slasher (level 4, 0/28 HPs)
             Began as a Tengu Fighter on May 3, 2023.
             Slain by a gnoll
             ... wielding a +0 halberd
              (2 damage)
             ... on level 3 of the Dungeon.
             The game lasted 00:02:01 (1712 turns).

bearlyready the Slasher (Tengu Fighter)             Turns: 1712, Time: 00:02:01

Health: 0/28       AC:  9    Str: 16    XL:     4   Next: 32%
Magic:  5/5        EV:  7    Int:  8    God:
Gold:   98         SH:  5    Dex: 16    Spells: 3/3 levels left

rFire   . . .        o - +2 dagger (venom)
rCold   . . .        c - +0 buckler
rNeg    . . .        m - +0 chain mail
rPois   .            (helmet restricted)
rElec   .            (no cloak)
rCorr   .            (no gloves)
SInv    .            (boots unavailable)
Will    .....        (no amulet) Stlth
                     (no ring)
HPRegen 0.24/turn    (no ring)
MPRegen 0.09/turn

%: no passive effects
@: no status effects
A: beak, talons 3
a: no special abilities


You were on level 3 of the Dungeon.
You visited 1 branch of the dungeon, and saw 3 of its levels.

You collected 98 gold pieces.

Inventory:

Hand Weapons
 a - a +0 long sword
 o - a +2 dagger of venom (weapon)
Armour
 b - a +0 scale mail
 c - a +0 buckler (worn)
 m - a +0 chain mail (worn)
 n - a +0 plate armour
Scrolls
 e - 2 scrolls of fear {unknown}
 f - a scroll of brand weapon {unknown}
 g - a scroll of blinking {unknown}
 i - 3 scrolls of identify {unknown}
 q - 2 scrolls of noise {unknown}
 s - a scroll of fog {unknown}
 t - a scroll of poison {unknown}
Potions
 d - 2 potions of might
 h - a potion of brilliance {unknown}
 j - a potion of degeneration {unknown}
 k - a potion of cancellation {unknown}
 l - a potion of lignification {unknown}
 p - 2 potions of heal wounds {unknown}
 r - a potion of magic {unknown}


   Skills:
 - Level 3.0 Fighting
 + Level 4.9 Long Blades
 - Level 3.2 Armour
 - Level 3.0 Shields


You had 3 spell levels left.
You didn't know any spells.
Your spell library was empty.

Dungeon Overview and Level Annotations

Branches:
Dungeon (3/15)

Altars:

Shops:
D:1 (   D:2 :


Innate Abilities, Weirdness & Mutations

You have a beak for a mouth.
You have claws for feet.


Message History

You hit the gnoll but do no damage. Your kick misses the gnoll.
You hit the gnoll but do no damage.
The gnoll is poisoned.
You claw the gnoll.
The gnoll is moderately wounded.
The gnoll hits you but does no damage.
An adder comes into view.
The gnoll attacks as you move away! The gnoll hits you with a +0 club.
You hit the gnoll.
The gnoll looks even sicker.
Your peck misses the gnoll.
The gnoll is moderately wounded.
The gnoll hits you with a +0 club!
The gnoll hits you from afar with a +0 halberd.
The adder bites you but does no damage.
You barely miss the adder.
The gnoll hits you from afar with a +0 halberd.
The adder closely misses you. The adder attacks as you move away!
The adder barely misses you. The adder closely misses you.
The adder attacks as you move away! The adder bites you but does no damage.
The adder bites you.
You are poisoned.
The adder poisons you! The adder barely misses you.
You feel sick. The adder bites you but does no damage.
You feel sick. The adder attacks as you move away!
The adder bites you but does no damage.
Found a murky golden potion.
You feel sick. The adder attacks as you move away!
The adder bites you but does no damage.
You feel sick. The adder attacks as you move away! The adder bites you.
You feel sick. You block the adder's attack.
You feel sick.
You are no longer poisoned.
You hit the gnoll but do no damage.
The gnoll is poisoned.
The adder bites you but does no damage. You block the gnoll's attack.
The adder barely misses you. The adder attacks as you move away!
The adder closely misses you. The gnoll hits you with a +0 club!
* * * LOW HITPOINT WARNING * * *
The goblin hits you but does no damage. The adder attacks as you move away!
You block the adder's attack.
The gnoll hits you from afar with a +0 halberd.
You die...

...#.# #.!.#####
#..#... #.#.##
######.g..####
#......#S....#
#....Sg#.#g.###.#
#......#S#......#
#....g##ggS@##..
#........#### .
#.....##.#
#....g##.#
#.....##.#
#.....##.#
#.....##.#
#........#
#.....####


You could see 2 gnolls, 2 adders and a goblin.

Vanquished Creatures
  2 adders (D:2)
  5 dart slugs (D:1)
  6 ball pythons (D:1)
  2 bats
  6 endoplasms
  4 giant cockroaches
  2 goblins (D:1)
  3 hobgoblins (D:2)
  2 jackals (D:2)
  3 quokkas (D:1)
  2 frilled lizards (D:2)
  3 kobolds
  4 rats
44 creatures vanquished.

Notes
Turn   | Place    | Note
-------+----------+-------------------------------------------
     0 | D:1      | bearlyready the Tengu Fighter began the quest for the Orb.
     0 | D:1      | Reached XP level 1. HP: 14/14 MP: 2/2
   171 | D:1      | Reached skill level 3 in Long Blades
   171 | D:1      | Reached XP level 2. HP: 17/19 MP: 3/3
   360 | D:1      | Found a faded altar of an unknown god.
   395 | D:1      | Reached XP level 3. HP: 23/23 MP: 4/4
   453 | D:1      | Reached skill level 4 in Long Blades
   565 | D:1      | Found Siwkun's Antique Weapon Emporium.
   627 | D:1      | You fall into a shaft and drop 1 floor!
   906 | D:1      | Reached XP level 4. HP: 28/28 MP: 5/5
  1235 | D:2      | Found Peips's Book Emporium.
  1712 | D:3      | Slain by a gnoll

Illustrated notes

Levels and vault maps discovered:
D:1:      mainiacjoe_arrival_reflecting_pool, layout_basic,
          chequers_ecumenical_altar_island, serial_shops, shop
D:2:      layout_loops_ring, serial_shops, shop
D:3:      layout_basic, gammafunk_temple_overflow_claw, grunt_ministairs_9,
          uniq_natasha

Skill      XL: |  1  2  3 |
---------------+----------+-----
Long Blades    | 3 4 |  4.9
Fighting       | |  3.0
Armour         | |  3.2
Shields        | |  3.0

Action                     |  1- 3 |  4- 6 || total
---------------------------+-------+-------++-------
  Melee: Long sword        |    51 |       ||    51
         Kick              |    15 |     5 ||    20
         Peck              |     8 |     1 ||     9
         Dagger            |    16 |    23 ||    39
 Armour: Scale mail        |    22 |       ||    22
         Chain mail        |     9 |    18 ||    27
  Dodge: Dodged            |    17 |     6 ||    23
  Block: Buckler           |     9 |     3 ||    12

Table legend: (Time is in decaauts)
 A = Elapsed time spent in this place.
 B = Non-inter-level travel time spent in this place.
 C = Inter-level travel time spent in this place.
 D = Time resting spent in this place.
 E = Time spent auto-exploring this place.
 F = Levels seen in this place.
 G = Mean time per level.
                   A        B        C        D        E       F      G
               +--------+--------+--------+--------+--------+-----+--------+
         Total |   1724 |   1634 |     90 |      0 |   1258 |   3 |  574.7 |
       Dungeon |   1724 |   1634 |     90 |      0 |   1258 |   3 |  574.7 |
               +--------+--------+--------+--------+--------+-----+--------+

Top non-repeatable levels by time:
     D:1: 927 daAuts
     D:2: 763 daAuts
     D:3: 34 daAuts
